 Dungeon Crawl Stone Soup version 0.25.0-8-gfd19cd77bd (webtiles) character file.

Game seed: 3983247890404532521

142 Anathary the Slasher (level 5, 0/45 HPs)
             Began as a Minotaur Fighter on June 16, 2020.
             Slain by an iguana (4 damage)
             ... on level 4 of the Dungeon.
             The game lasted 00:06:00 (3067 turns).

Anathary the Slasher (Minotaur Fighter)             Turns: 3067, Time: 00:06:00

Health: 0/45       AC:  6    Str: 20    XL:     5   Next: 4%
Magic:  4/4        EV:  7    Int:  5    God:
Gold:   101        SH:  9    Dex: 11    Spells: 4/4 levels left

rFire    . . .     SeeInvis .   a - +0 long sword
rCold    . . .     Gourm    .   c - +0 kite shield
rNeg     . . .     Faith    .   b - +0 scale mail
rPois    .         Spirit   .   (helmet restricted)
rElec    .         Reflect  .   (no cloak)
rCorr    .         Harm     .   (no gloves)
MR       .....                  (no boots)
Stlth    ..........             (no amulet)
HPRegen  0.15/turn              (no ring)
MPRegen  0.09/turn              (no ring)

@: lethally poisoned (0 -> -1)
A: retaliatory headbutt, horns 2
a: no special abilities


You were on level 4 of the Dungeon.
You were hungry.

You visited 1 branch of the dungeon, and saw 4 of its levels.

You collected 101 gold pieces.

Inventory:

Hand Weapons
 a - a +0 long sword (weapon)
Armour
 b - a +0 scale mail (worn)
 c - a +0 kite shield (worn)
Jewellery
 u - a cursed -4 ring of intelligence {unknown}
Scrolls
 g - a scroll of blinking {unknown}
 i - 8 scrolls of identify {unknown}
 j - a scroll of enchant weapon {unknown}
 k - a scroll of fog {unknown}
 l - a scroll of magic mapping {unknown}
 m - 2 scrolls of teleportation {unknown}
 n - a scroll of enchant armour {unknown}
 q - a scroll of remove curse {unknown}
Potions
 d - 2 potions of might
 e - a potion of heal wounds {unknown}
 h - a potion of lignification {unknown}
 o - a potion of curing {unknown}
 p - 3 potions of degeneration {unknown}
 r - a potion of brilliance {unknown}
 s - a potion of berserk rage {unknown}
 t - a potion of magic {unknown}
Comestibles
 f - 3 rations


   Skills:
 - Level 3.6 Fighting
 + Level 6.4 Long Blades
 - Level 3.6 Armour
 - Level 3.6 Shields


You had 4 spell levels left.
You didn't know any spells.
Your spell library was empty.

Dungeon Overview and Level Annotations

Branches:
Dungeon (4/15)
 Temple: D:4-7

Altars:

Annotations:
D:3 3 runed translucent doors, hitsuchi's ghost, amateur DsAK


Innate Abilities, Weirdness & Mutations

You reflexively headbutt those who attack you in melee.
You have a pair of horns on your head.


Message History

An iguana comes into view.
You feel sick.
The iguana hisses angrily.
You are feeling hungry.
You hit the iguana but do no damage. Your headbutt misses the iguana.
The iguana bites you!
* * * LOW HITPOINT WARNING * * *
You hit the iguana.
The iguana is moderately wounded.
You block the iguana's attack.
You slash the iguana! You headbutt the iguana.
The iguana is almost dead.
You feel sick. The iguana bites you!
* * * LOW HITPOINT WARNING * * *
You hit the iguana but do no damage.
You headbutt the iguana, but do no damage.
The iguana is almost dead.
The iguana bites you but does no damage.
The iguana bites you.
You die...

#. #.##.# #.######
#.....
#......##########.#
...
.....##........#
#.##.#..##.########
#....#..##.# #.
#.....).#
#.##l##.#..####
#....@.....#
####..>....#
#########


You could see an iguana.

Vanquished Creatures
  A worker ant (D:4)
  5 adders
  An adder skeleton (D:4)
  2 worms (D:3)
  2 dart slugs (D:1)
  A leopard gecko (D:1)
  4 orcs
  4 giant cockroaches
  2 hobgoblins (D:1)
  2 quokkas
  A ball python (D:3)
  8 bats
  8 frilled lizards
  7 goblins
  9 kobolds
  4 rats
61 creatures vanquished.

Notes
Turn   | Place    | Note
-------+----------+-------------------------------------------
     0 | D:1      | Anathary the Minotaur Fighter began the quest for the Orb.
     0 | D:1      | Reached XP level 1. HP: 19/19 MP: 0/0
    50 | D:1      | Reached skill level 3 in Long Blades
    81 | D:1      | Reached XP level 2. HP: 26/26 MP: 1/1
   252 | D:1      | Reached skill level 4 in Long Blades
   681 | D:1      | Reached XP level 3. HP: 28/31 MP: 2/2
  1615 | D:2      | Reached skill level 5 in Long Blades
  1810 | D:2      | Reached XP level 4. HP: 39/39 MP: 3/3
  2112 | D:3      | Found a runed translucent gate.
  2112 | D:3      | Found a runed translucent gate.
  2112 | D:3      | Found a runed translucent gate.
  2113 | D:3      | Noticed hitsuchi's ghost (amateur DsAK)
  2753 | D:3      | Reached skill level 6 in Long Blades
  3055 | D:4      | Reached XP level 5. HP: 27/45 MP: 4/4
  3067 | D:4      | Slain by an iguana

Illustrated notes

Levels and vault maps discovered:
D:1:      matt_arrival_diagonals, layout_loops_corners, chequers_big_river
D:2:      layout_loops_corners
D:3:      layout_basic, gammafunk_ghost_split
D:4:      old_forge, layout_loops_cross, minmay_temple_entry_statues,
          enter_ossuary_5, nicolae_tso_carved_into_rock, uniq_ijyb

Skill      XL: |  1  2  3  4 |
---------------+-------------+-----
Long Blades    | 3 4 5 6 |  6.4
Fighting       | |  3.6
Armour         | |  3.6
Shields        | |  3.6

Action                   |  1- 3 |  4- 6 || total
-------------------------+-------+-------++-------
Melee: Long sword        |   100 |    61 ||   161
       Headbutt          |    10 |     8 ||    18
  Eat: Chunk             |     3 |       ||     3
       Ration            |       |     1 ||     1
Armor: Scale mail        |    60 |    22 ||    82
Dodge: Dodged            |    31 |    14 ||    45
Block: Kite shield       |    54 |    29 ||    83
       Rpst.: Long sword |     5 |     1 ||     6
